 Dungeon Crawl Stone Soup version 0.31-a0-472-g43a2ca8e1b (webtiles) character file.

Game seed: 10521558682083805666

629 Ethylacetat the Changeling (level 7, -1/36 HPs)
             Began as an Octopode Shapeshifter on Aug 6, 2023.
             Slain by a gnoll
             ... wielding a +0 spear
              (7 damage)
             ... on level 5 of the Dungeon.
             The game lasted 00:04:31 (3290 turns).

Ethylacetat the Changeling (Octopode Shapeshifter)  Turns: 3290, Time: 00:04:32

Health: -1/36      AC:  9    Str: 20    XL:     7   Next: 48%
Magic:  7/7        EV: 10    Int: 10    God:
Gold:   242        SH:  0    Dex: 14    Spells: 6/6 levels left

rFire   . .          .
                       - Unarmed
rCold   . . .        (shield currently unavailable)
rNeg    + . .        (helmet currently unavailable)
rPois   .            g - amulet of the acrobat
rElec   .            o - ring of resist corrosion
rCorr   +            t - ring of positive energy
SInv    .            (no ring)
Will    .....        (no ring)
Stlth   +            (no ring)
HPRegen 0.26/turn    (no ring)
MPRegen 0.10/turn    (no ring)
                     (no ring)

%: acrobat
@: snake-form
A: constrict, reduced hp, almost no armour, amphibious, 8 rings, large,
(camouflage 1), (gelatinous body 1), (nimble swimmer 1), (tentacles)
a: Begin Untransformation


You were on level 5 of the Dungeon.
You were an enormous anaconda.
You visited 1 branch of the dungeon, and saw 5 of its levels.

You collected 242 gold pieces.

Inventory:

Jewellery
 g - an amulet of the acrobat (around neck)
 o - a ring of resist corrosion (left tentacle)
 t - a ring of positive energy (right tentacle)
Talismans
 b - a beast talisman
 l - a serpent talisman (active)
 m - a talisman of death
Scrolls
 d - a scroll of vulnerability {unknown}
 q - 2 scrolls of blinking {unknown}
 r - a scroll of enchant weapon {unknown}
 s - a scroll of revelation {unknown}
 v - 2 scrolls of identify {unknown}
 w - a scroll of torment {unknown}
 x - a scroll of amnesia {unknown}
Potions
 a - 2 potions of lignification
 c - a potion of enlightenment {unknown}
 e - a potion of berserk rage {unknown}
 f - a potion of degeneration {unknown}
 h - 3 potions of curing {unknown}
 i - 2 potions of cancellation {unknown}
 j - 2 potions of haste {unknown}
 k - a potion of invisibility {unknown}
 n - a potion of heal wounds {unknown}
 p - 2 potions of ambrosia {unknown}
 u - a potion of brilliance {unknown}


   Skills:
 + Level 3.8 Fighting
 - Level 2.0 Dodging
 + Level 4.9 Unarmed Combat
 * Level 5.5 Shapeshifting


You had 6 spell levels left.
You didn't know any spells.
Your spell library contained the following spells:

 Spells                   Type           Power      Damage    Failure   Level
 Leda's Liquefaction      Hex/Erth       0%         N/A       98%         4
 Lee's Rapid Deconstruct  Erth           0%         3d4*      100%        5
 Leda's Unmaking          Conj/Erth      0%         9d1       100%        6


Dungeon Overview and Level Annotations

Branches:
Dungeon (5/15)             Temple (0/1) D:4

Altars:
Uskayaw

Shops:
D:1 ?   D:4 [!*?


Innate Abilities, Weirdness & Mutations

You are an enormous anaconda.
You have a powerful constriction melee attack.
Your maximum health is decreased, since you lack skill for your form.
Your armour is entirely melded.
You are incapable of wielding weapons or throwing items.
You cannot wear most types of armour.
You are amphibious.
You can wear up to eight rings at the same time.
((Your skin changes colour to match your surroundings (Stealth+).))
((Your rubbery body absorbs attacks. (AC +1, EV +1)))
((You are camouflaged when in or above water. (Stealth+)))
((You have tentacles for arms and can constrict up to eight enemies at once.))


Message History

There is an open door here.
There are monsters nearby!
An orc priest comes into view. It is wielding a +0 short sword.
Found a staff of earth.
The gnoll shouts!
You completely miss the gnoll.
The orc priest shouts!
Your grab misses the gnoll. You barely miss the gnoll.
Your grab misses the gnoll. The gnoll barely misses you.
An orc priest comes into view. It is wielding a +0 flail.
The gnoll misses you.
There is an open door here.
The gnoll attacks as you move away! The gnoll misses you.
You closely miss the gnoll. Your grab misses the gnoll.
The gnoll barely misses you.
You lash the gnoll! Your grab misses the gnoll.
The gnoll is severely wounded.
The gnoll hits you but does no damage.
You hit the gnoll.
You kill the gnoll!
The gnoll hits you with a +0 flail.
The orc priest looks satisfied for a moment.
The gnoll hits you but does no damage.
You barely miss the gnoll. Your grab misses the gnoll.
The gnoll hits you with a +0 flail.
The gnoll hits you from afar with a +0 spear.
You lash the gnoll! You grab the gnoll.
The gnoll is almost dead.
You constrict the gnoll. The gnoll closely misses you.
The gnoll hits you from afar with a +0 spear.
You lash the gnoll!
You kill the gnoll!
The gnoll hits you from afar with a +0 spear!
The orc priest mumbles some strange prayers to Beogh against you.
Beogh smites you!
* * * LOW HITPOINT WARNING * * *
There is a stone staircase leading up here.
The gnoll hits you from afar with a +0 spear!
You die...

###########..
#.........#.#
#.........#.#
#.[.......#.#
#.........#.#
#.........#.#######
#####'#...........#
.....|.
#.#.#.#.#####.#
.......
#.#.#S........#
..o....
#.#.#..########
....... ##'#.#g...#
....g## #....#g.#.#
#....# #....#o.#.#
#....# #.......#.#
#....###....#..#.###
#....'o.o...#.......
#....###...####..##


You could see 2 gnolls and an orc.

Vanquished Creatures
  Edmund (D:4)
  A black bear (D:3)
  A phantom (D:4)
  3 scorpions (D:5)
  An orc wizard (D:2)
  2 gnolls (D:5)
  2 adders (D:3)
  4 dart slugs
  8 orcs
  6 bats
  9 endoplasms
  A giant cockroach (D:3)
  6 goblins
  6 hobgoblins
  8 jackals
  8 kobolds
  6 quokkas
  10 ball pythons
  4 frilled lizards (D:1)
  2 rats
89 creatures vanquished.

Notes
Turn   | Place    | Note
-------+----------+-------------------------------------------
     0 | D:1      | Ethylacetat the Octopode Shapeshifter began the quest for
                  | the Orb.
     0 | D:1      | Reached XP level 1. HP: 13/13 MP: 1/1
   123 | D:1      | Reached XP level 2. HP: 18/18 MP: 2/2
   340 | D:1      | Found Azo Eher's Magic Scroll Shoppe.
   355 | D:1      | Reached XP level 3. HP: 15/23 MP: 3/3
   468 | D:1      | Found a faded altar of an unknown god.
  1194 | D:2      | Reached XP level 4. HP: 17/29 MP: 4/4
  1835 | D:3      | Found a hide-covered altar of Uskayaw.
  1926 | D:3      | Reached skill level 4 in Shapeshifting
  1975 | D:3      | Reached XP level 5. HP: 20/34 MP: 5/5
  2064 | D:3      | Noticed a black bear
  2074 | D:3      | Killed a black bear
  2221 | D:3      | Reached XP level 6. HP: 23/41 MP: 6/6
  2415 | D:4      | Found a staircase to the Ecumenical Temple.
  2450 | D:4      | Noticed Edmund
  2460 | D:4      | Killed Edmund
  2571 | D:4      | Found Quvic's Magic Scroll Shop.
  2696 | D:4      | Found Iru Ill's Assorted Antiques.
  2819 | D:4      | Found Sanly's Distillery.
  2868 | D:4      | Found Zofeviq's Antique Armour Shop.
  2904 | D:4      | Reached skill level 5 in Shapeshifting
  3141 | D:5      | Entered Level 5 of the Dungeon
  3200 | D:5      | Reached XP level 7. HP: 34/46 MP: 7/7
  3290 | D:5      | Slain by a gnoll

Illustrated notes

Levels and vault maps discovered:
D:1:      saegor_arrival_fortress, layout_basic,
          hellmonk_ecumenical_altar_crossroads, serial_shops, shop
D:2:      layout_loops_ring, kennysheep_potato
D:3:      layout_basic, nicolae_uskayaw_dance_hall
D:4:      layout_gridville, temple_statues, serial_shops,
          nicolae_shop_tiny_real_fake_doors, shop, shop, shop_fountains,
          uniq_edmund
D:5:      layout_basic, grunt_temple_overflow_open, uniq_ijyb

Skill      XL: |  1  2  3  4  5  6 |
---------------+-------------------+-----
Fighting       | 2 3 |  3.8
Shapeshifting  | 4 5 |  5.5
Unarmed Combat | 4 |  4.9
Dodging        | |  2.0

Action                     |  1- 3 |  4- 6 |  7- 9 || total
---------------------------+-------+-------+-------++-------
  Melee: Unarmed           |    69 |   102 |    13 ||   184
         Constrict         |    19 |    19 |     3 ||    41
         Tentacles         |    11 |     3 |       ||    14
         Punch             |     1 |       |       ||     1
   Stab: Sleeping          |     2 |       |       ||     2
 Armour: Skin              |     4 |    33 |     3 ||    40
  Dodge: Dodged            |    55 |    69 |     9 ||   133
   Form: Anaconda          |       |     1 |       ||     1

Table legend: (Time is in decaauts)
 A = Elapsed time spent in this place.
 B = Non-inter-level travel time spent in this place.
 C = Inter-level travel time spent in this place.
 D = Time resting spent in this place.
 E = Time spent auto-exploring this place.
 F = Levels seen in this place.
 G = Mean time per level.
                   A        B        C        D        E       F      G
               +--------+--------+--------+--------+--------+-----+--------+
         Total |   3275 |   3180 |     95 |      0 |   2618 |   5 |  655.0 |
       Dungeon |   3275 |   3180 |     95 |      0 |   2618 |   5 |  655.0 |
               +--------+--------+--------+--------+--------+-----+--------+

Top non-repeatable levels by time:
     D:1: 1000 daAuts
     D:4: 755 daAuts
     D:2: 749 daAuts
     D:3: 622 daAuts
     D:5: 147 daAuts
